[Event "Titled Tuesday Blitz January 17 Late 2023"]
[White "Kovacs, Klara"]
[Black "Jovic, Stanoje"]
[WhiteFideId "733210"]
[BlackFideId "905020"]
[WhiteElo "2121"]
[BlackElo "2075"]
[Result "0-1"]
[Round "10"]
[TimeControl "180+2"]
[Date "2023.01.17"]
[WhiteClock "0:00:37"]
[BlackClock "0:01:28"]

1. d4 Nf6 2. Nf3 e6 3. g3 b5 4. Bg2 Bb7 5. O-O c5 6. a4 b4 7. c4 a5 8. b3 cxd4 9. Bb2 Na6 10. Bxd4 Nc5 11. Nbd2 Be7 12. Re1 O-O 13. Qc2 Rc8 14. Rad1 d5 15. Ne5 Qc7 16. cxd5 exd5 17. Qb2 Nfe4 18. Nxe4 Nxe4 19. Bxe4 dxe4 20. Nc4 f6 21. Bb6 Qc6 22. Bxa5 Bc5 23. Qd2 e3 0-1


[Site "https://www.chess.com"]

[Event "Titled Tuesday Blitz January 17 Late 2023"]
[White "Jorajuria Mendoza, Algol"]
[Black "Perez Perez, Gabriel"]
[WhiteFideId "5128897"]
[BlackFideId "32089147"]
[WhiteElo "2069"]
[BlackElo "2185"]
[Result "1/2-1/2"]
[Round "10"]
[TimeControl "180+2"]
[Date "2023.01.17"]
[WhiteClock "0:00:24"]
[BlackClock "0:00:20"]

1. e4 Nc6 2. Nf3 d6 3. b3 g6 4. Bb2 Nf6 5. Bb5 Bg7 6. e5 Nd7 7. O-O dxe5 8. d4 exd4 9. Nxd4 O-O 10. Nxc6 bxc6 11. Bxg7 Kxg7 12. Bxc6 Rb8 13. Qd4+ f6 14. Rd1 Rb6 15. Qe4 Qe8 16. Nc3 Nc5 17. Bxe8 Nxe4 18. Nxe4 Rxe8 19. c4 e5 20. Rd5 f5 21. Nc5 e4 22. Rad1 Rc6 23. b4 Be6 24. Nxe6+ Rexe6 25. c5 Re7 26. a4 Ra6 27. a5 Kf6 28. Kf1 h5 29. h4 f4 30. Ke2 Rae6 31. Rd8 c6 32. g3 fxg3 33. fxg3 e3 34. Rf1+ Kg7 35. Rf4 Re4 36. Rxe4 Rxe4 37. Rd7+ Kf6 38. Rxa7 Rxb4 39. Rc7 Rb3 40. a6 Ra3 41. Rxc6+ Kf5 42. Rb6 Ke4 43. Rb4+ Kd5 44. a7 Rxa7 45. Kxe3 Kxc5 46. Rb8 Kd6 47. Rb6+ Ke5 48. Rxg6 Ra3+ 49. Kf2 Ke4 50. Re6+ Kf5 51. Rb6 Ra2+ 52. Kf3 Ra3+ 53. Kg2 Ra2+ 54. Kh3 Ra5 55. Rb8 Kg6 56. Rg8+ Kh6 57. Rh8+ Kg6 58. Rg8+ Kh6 59. Rc8 Re5 60. Rc2 Re7 61. Kg2 Rf7 62. Rc5 Kg6 63. Rg5+ Kh6 64. Re5 Rb7 65. Kf3 Rb4 66. Re4 Rb7 67. Kf4 Rf7+ 68. Ke5 Re7+ 69. Kf5 Rf7+ 70. Ke6 Rf3 71. g4 hxg4 72. Rxg4 Kh5 73. Rg5+ Kxh4 74. Rf5 Rb3 75. Re5 Kg4 76. Re4+ Kf3 77. Rd4 Ke3 78. Rh4 Rb6+ 79. Ke5 Ra6 80. Rh3+ Kd2 81. Rh2+ Kc3 82. Rh3+ Kc4 83. Rh4+ Kc5 84. Rh2 Ra3 85. Rc2+ Kb6 86. Rb2+ Kc7 87. Rc2+ Kd7 88. Rd2+ Ke7 89. Rb2 Ra5+ 90. Kd4 Rh5 91. Rb7+ Kd6 92. Rb6+ Kc7 93. Rg6 Rh4+ 94. Ke5 Rh1 95. Rg7+ Kc6 96. Rg6+ Kc5 97. Rg7 Re1+ 98. Kf4 Kd6 99. Rg6+ Kd5 100. Rg5+ Kd4 101. Rg4 Rf1+ 102. Kg5+ Ke5 103. Rg2 Rf8 104. Re2+ Kd4 105. Rd2+ Ke3 106. Rd7 Ke4 107. Re7+ Kd5 108. Rd7+ Ke6 109. Rd2 Rg8+ 110. Kf4 Rg1 111. Ke4 Re1+ 112. Kd4 Kf5 113. Rd3 Re2 114. Re3 Rd2+ 115. Rd3 Ra2 116. Kd5 Ra5+ 117. Kd6 Ke4 118. Rh3 Rd5+ 119. Kc6 Rg5 120. Rh4+ Ke5 121. Ra4 Rg1 122. Ra5+ Kd4 123. Ra4+ Ke5 1/2-1/2


[Site "https://www.chess.com"]

[Event "Titled Tuesday Blitz January 17 Late 2023"]
[White "Saya, Ethan"]
[Black "Balague Camps, Marc"]
[WhiteFideId "26095181"]
[BlackFideId "2297914"]
[WhiteElo "2181"]
[BlackElo "2190"]
[Result "0-1"]
[Round "10"]
[TimeControl "180+2"]
[Date "2023.01.17"]
[WhiteClock "0:00:12"]
[BlackClock "0:00:49"]

1. e3 Nf6 2. d4 d5 3. Nf3 c5 4. b3 Nc6 5. Bb2 e6 6. Bd3 Bd6 7. dxc5 Bxc5 8. O-O O-O 9. Nbd2 b6 10. e4 Bb7 11. exd5 Nxd5 12. Ne4 Be7 13. a3 h6 14. Qd2 Qc7 15. Rfd1 Rad8 16. Qe1 Nf4 17. Bf1 Rxd1 18. Rxd1 Rd8 19. Rxd8+ Qxd8 20. Ne5 Nxe5 21. Bxe5 Ng6 22. Bg3 Bxa3 23. h4 Nxh4 24. Qa1 Be7 25. Bd3 a5 26. Qe5 Nf5 27. Qc7 Bxe4 28. Bxe4 Nxg3 29. Qxg3 Qd1+ 30. Kh2 Bd6 31. f4 Qh5+ 32. Kg1 Bc5+ 33. Kf1 Qd1+ 34. Qe1 Qd4 35. g3 h5 36. Bf3 h4 37. gxh4 Qxf4 38. Qe4 Qc1+ 39. Kg2 Qg1+ 40. Kh3 Bd6 41. Qa8+ Kh7 42. Qe4+ f5 43. Qe1 Qh2# 0-1


[Site "https://www.chess.com"]

[Event "Titled Tuesday Blitz January 17 Late 2023"]
[White "Moroni, Luca Jr"]
[Black "Rego, Pedro Filipe"]
[WhiteFideId "865834"]
[BlackFideId "1904310"]
[WhiteElo "2535"]
[BlackElo "2312"]
[Result "1-0"]
[Round "10"]
[TimeControl "180+2"]
[Date "2023.01.17"]
[WhiteClock "0:00:06"]
[BlackClock "0:00:04"]

1. b4 c6 2. Bb2 a5 3. a3 Qb6 4. c3 Nf6 5. Nf3 d6 6. e3 e5 7. d4 axb4 8. cxb4 e4 9. Nfd2 d5 10. Be2 Bd6 11. Nb3 O-O 12. N1d2 Bf5 13. g4 Be6 14. g5 Ne8 15. h4 f5 16. Nc5 Bc8 17. Qb3 Nd7 18. Ne6 Rf7 19. h5 Nf8 20. g6 Bxe6 21. gxf7+ Bxf7 22. Rg1 f4 23. Bg4 Nf6 24. h6 gxh6 25. Be6+ Ng6 26. Bxf7+ Kxf7 27. O-O-O f3 28. Rh1 Kg7 29. Rdg1 Qb5 30. Qc2 Qe2 31. Nb3 Qxc2+ 32. Kxc2 h5 33. Na5 Rb8 34. Kd1 Ng4 35. Ke1 Nh2 36. Bc3 Kh6 37. Nb3 Nh4 38. Nc5 Bxc5 39. dxc5 Ng2+ 40. Kd1 Ng4 41. Be1 Kg5 42. a4 b6 43. cxb6 Rxb6 44. a5 Rb8 45. Rh3 h4 46. Rf1 h5 47. Bc3 Kf5 48. Kd2 Ke6 49. Rhh1 Ra8 50. Kc2 Rb8 51. Kb3 Kd6 52. Ka4 Kc7 53. Bd4 Kb7 54. b5 cxb5+ 55. Kxb5 Kc7+ 56. Kc5 Rb3 57. a6 Kb8 58. Kxd5 1-0


[Site "https://www.chess.com"]

[Event "Titled Tuesday Blitz January 17 Late 2023"]
[White "Artemenko, Oleg"]
[Black "Figorito, Nick"]
[WhiteFideId "14201798"]
[BlackFideId "30923689"]
[WhiteElo "2246"]
[BlackElo "2036"]
[Result "1-0"]
[Round "10"]
[TimeControl "180+2"]
[Date "2023.01.17"]
[WhiteClock "0:00:03"]
[BlackClock "0:00:13"]

1. e4 e6 2. d4 d5 3. exd5 exd5 4. c4 Nf6 5. Nc3 Be7 6. Nf3 O-O 7. Bf4 c6 8. h3 Nbd7 9. Be2 dxc4 10. Bxc4 Nb6 11. Bd3 Nbd5 12. Bd2 Be6 13. O-O h6 14. a3 Bd6 15. Re1 Re8 16. Qc2 Qc7 17. Ne5 Nd7 18. Nxd7 Qxd7 19. Rad1 Nf4 20. Bf1 Bc7 21. Ne4 Bf5 22. Bxf4 Bxf4 23. f3 Bg3 24. Re2 Bc7 25. Red2 Bb6 26. b4 a5 27. Kh1 axb4 28. axb4 Qe7 29. d5 cxd5 30. Rxd5 Bxe4 31. fxe4 Qxe4 32. Qxe4 Rxe4 33. Rd7 Rxb4 34. Rxb7 Bc5 35. Rc7 Rd4 36. Rb1 Bd6 37. Rd7 Be5 38. Re7 Bf6 39. Rc7 Be5 40. Re7 Bf6 41. Reb7 Rad8 42. Kg1 Rd1 43. Rb8 Bd4+ 44. Kh1 Rxb8 45. Rxd1 Bf6 46. g3 Rd8 47. Re1 Kf8 48. h4 Re8 49. Rd1 Kg8 50. Kh2 Rd8 51. Re1 Bc3 52. Re3 Bd4 53. Rf3 Re8 54. Bc4 Re7 55. Kh3 Bf6 56. g4 g5 57. Rxf6 Re3+ 58. Kg2 gxh4 59. Rxf7 Rc3 60. Rc7+ Kf8 61. Rc6 Rc2+ 62. Kh3 Rc3+ 63. Kxh4 Ke8 64. Bd5 Ke7 65. Rxc3 Kf6 66. Kh5 Kg7 67. Rc7+ Kh8 68. Be4 Kg8 69. Kxh6 Kf8 70. Bc6 Kg8 71. Kg6 Kf8 72. Bb5 Kg8 73. Rc8# 1-0


[Site "https://www.chess.com"]

[Event "Titled Tuesday Blitz January 17 Late 2023"]
[White "Olafsson, Helgi"]
[Black "Mione, Dario"]
[WhiteFideId "2300010"]
[BlackFideId "806625"]
[WhiteElo "2491"]
[BlackElo "2228"]
[Result "1-0"]
[Round "10"]
[TimeControl "180+2"]
[Date "2023.01.17"]
[WhiteClock "0:00:52"]
[BlackClock "0:00:05"]

1. c4 e5 2. Nc3 Nc6 3. g3 g6 4. Bg2 Nge7 5. d3 Bg7 6. e4 O-O 7. Nge2 d6 8. O-O f5 9. Be3 Nd4 10. Kh1 Nec6 11. Nd5 Nxe2 12. Qxe2 Nd4 13. Bxd4 exd4 14. exf5 Bxf5 15. Ne7+ Kh8 16. Nxf5 Rxf5 17. Bxb7 Rb8 18. Be4 Re5 19. f4 Rc5 20. Rab1 a5 21. b3 c6 22. Rfe1 d5 23. Bg2 dxc4 24. bxc4 Rxb1 25. Rxb1 Rf5 26. Bxc6 Rf8 27. Qe6 Rf6 28. Qd5 Qxd5+ 29. Bxd5 Bf8 30. Rb5 Bb4 31. c5 Rf8 32. c6 Rc8 33. Kg2 Rc7 34. g4 Kg7 35. Rb8 Kf6 36. g5+ Ke7 37. Kf3 Kd6 38. Be4 Kc5 39. a4 Bc3 40. h4 Kd6 41. Kg4 Kc5 42. Rb5+ Kd6 43. h5 gxh5+ 44. Kxh5 Rf7 45. f5 Bd2 46. f6 h6 47. g6 Rxf6 48. g7 1-0


[Site "https://www.chess.com"]

[Event "Titled Tuesday Blitz January 17 Late 2023"]
[White "Seletsky, Grigory"]
[Black "Kochetov, Andrey"]
[WhiteFideId "14112191"]
[BlackFideId "24130532"]
[WhiteElo "2259"]
[BlackElo "2165"]
[Result "0-1"]
[Round "10"]
[TimeControl "180+2"]
[Date "2023.01.17"]
[WhiteClock "0:00:10"]
[BlackClock "0:00:11"]

1. e4 e5 2. Nf3 Nf6 3. Bc4 Nxe4 4. Nxe5 d5 5. Qe2 Bc5 6. O-O O-O 7. Bb3 Re8 8. Nxf7 Kxf7 9. Qh5+ Kg8 10. Bxd5+ Kh8 11. Bxe4 Bxf2+ 12. Rxf2 Rxe4 13. Qf7 Re8 14. d4 Re1+ 15. Rf1 Qxd4+ 16. Qf2 Rxf1+ 17. Kxf1 Qc4+ 18. Kg1 Be6 19. Qf8+ Bg8 20. Nc3 Qd4+ 21. Kh1 b5 22. a3 c5 23. Bf4 b4 24. Rd1 Qc4 25. Be5 Qf7 26. Rd8 Qxf8 27. Rxf8 bxc3 28. bxc3 a5 29. Rxb8 Ra6 30. Rb7 Rg6 31. h3 h6 32. Kh2 Bd5 33. Rb8+ Kh7 34. g4 Re6 35. Bf4 Re2+ 36. Kg3 Rg2+ 37. Kh4 g5+ 38. Bxg5 hxg5+ 39. Kxg5 Rxc2 40. Rb5 Rxc3 41. Rxa5 Bg2 42. h4 c4 43. Ra7+ Kg8 44. h5 Rh3 45. Rc7 c3 46. h6 Be4 47. a4 c2 48. a5 Rh1 49. Rg7+ Kf8 50. Rc7 c1=Q+ 51. Rxc1 Rxc1 52. Kf4 Ra1 53. Kxe4 Rxa5 54. Kf4 Kg8 55. g5 Kh7 56. Kg4 Kg6 57. Kf4 Ra4+ 58. Ke5 Kxg5 59. Ke6 Rh4 60. Ke7 Rxh6 61. Kf7 Rf6+ 62. Kg7 Rf5 63. Kh7 Rf7+ 64. Kh8 Kh6 65. Kg8 Rf6 0-1


[Site "https://www.chess.com"]

[Event "Titled Tuesday Blitz January 17 Late 2023"]
[White "Kaganskiy, Gleb"]
[Black "ArchibaldCerveza29"]
[WhiteFideId "4132025"]
[WhiteElo "2205"]
[BlackElo "2547"]
[Result "0-1"]
[Round "10"]
[TimeControl "180+2"]
[Date "2023.01.17"]
[WhiteClock "0:00:19"]
[BlackClock "0:00:25"]

1. e4 e5 2. Nf3 Nc6 3. Nc3 Nf6 4. d4 exd4 5. Nxd4 Nxe4 6. Nxe4 Qe7 7. Nb5 Qxe4+ 8. Be2 Qe5 9. f4 Qe4 10. Nxc7+ Kd8 11. Nxa8 Bc5 12. Qd3 Qxg2 13. Qf3 Qg6 14. c3 Re8 15. Bd2 Qc2 16. b4 Bxb4 17. Rc1 Qxa2 18. cxb4 Nd4 19. Rxc8+ Kxc8 20. Qc3+ Nc6 21. b5 Qb1+ 22. Kf2 Qxh1 23. bxc6 Qxh2+ 24. Kf1 Qxe2+ 25. Kg1 Qg4+ 26. Kf2 Re2+ 27. Kf1 Qg2# 0-1


[Site "https://www.chess.com"]

[Event "Titled Tuesday Blitz January 17 Late 2023"]
[White "Hoffmann, Asa"]
[Black "Bilan, Danila"]
[WhiteFideId "2001470"]
[BlackFideId "24161918"]
[WhiteElo "2185"]
[BlackElo "2303"]
[Result "1-0"]
[Round "10"]
[TimeControl "180+2"]
[Date "2023.01.17"]
[WhiteClock "0:00:48"]
[BlackClock "0:00:03"]

1. d4 d5 2. Bg5 Nf6 3. Nd2 Bf5 4. c4 c6 5. Qb3 Qb6 6. c5 Qc7 7. e3 Nbd7 8. Ngf3 e6 9. Bf4 Qc8 10. h3 h6 11. Be2 b6 12. cxb6 axb6 13. Rc1 Be7 14. a3 O-O 15. O-O c5 16. Bb5 c4 17. Qd1 Ra5 18. a4 Bd3 19. Re1 Bb4 20. Ne5 Nxe5 21. Bxe5 Ne4 22. Nxe4 Bxe4 23. Qg4 f6 24. Bf4 e5 25. Bd7 f5 26. Bxc8 fxg4 27. Be6+ Kh7 28. Bxe5 gxh3 29. Bxh3 Bxe1 30. Rxe1 Bc2 31. f3 Rxa4 32. Be6 Ra5 33. e4 dxe4 34. fxe4 Bd3 35. d5 Re8 36. Bc3 Ra7 37. Bf5+ Kg8 38. d6 Rd8 39. d7 Raxd7 40. Bxd7 Rxd7 41. e5 Kf7 42. e6+ 1-0


[Site "https://www.chess.com"]

[Event "Titled Tuesday Blitz January 17 Late 2023"]
[White "Ansh M Shah"]
[Black "Kalajzic, Ivan"]
[WhiteFideId "25033379"]
[BlackFideId "14506378"]
[WhiteElo "2171"]
[BlackElo "2062"]
[Result "0-1"]
[Round "10"]
[TimeControl "180+2"]
[Date "2023.01.17"]
[WhiteClock "0:00:01"]
[BlackClock "0:00:08"]

1. d4 d5 2. c4 Nc6 3. e3 e5 4. Nf3 Bg4 5. Be2 Bb4+ 6. Bd2 Bxd2+ 7. Nbxd2 exd4 8. Nxd4 Bxe2 9. Qxe2 Nge7 10. cxd5 Qxd5 11. N2f3 Qa5+ 12. Qd2 Qxd2+ 13. Kxd2 O-O-O 14. Ke2 Nxd4+ 15. Nxd4 Rd5 16. Rhd1 Rhd8 17. Nf3 f6 18. Nd4 R8d6 19. Rac1 Kd7 20. Nb3 b6 21. Nd4 c5 22. Nb5 Rxd1 23. Rxd1 Rxd1 24. Kxd1 a6 25. Nc3 f5 26. Ke2 Kd6 27. Kf3 b5 28. Kf4 g6 29. e4 b4 30. Na4 c4 31. exf5 Nxf5 32. Ke4 Kc6 33. g4 Nd6+ 34. Ke5 Kb5 35. b3 c3 36. Kxd6 c2 37. Nb2 c1=Q 38. Nc4 Qf4+ 39. Kd5 Qf3+ 40. Kd4 Qxf2+ 41. Ke5 Qxh2+ 42. Kf6 Qxa2 43. Nd6+ Kc6 44. Nf7 Qxb3 45. Ng5 Qc3+ 46. Kf7 b3 47. Nxh7 b2 48. Kxg6 b1=Q+ 49. Kh6 Qh8 50. Kg5 Qhxh7 51. Kf4 Qbe4+ 52. Kg3 Qf7 0-1


[Site "https://www.chess.com"]

[Event "Titled Tuesday Blitz January 17 Late 2023"]
[White "Gerbelli Neto, Eduardo"]
[Black "Pein, Jonathan"]
[WhiteFideId "2103281"]
[BlackFideId "417092"]
[WhiteElo "2114"]
[BlackElo "2265"]
[Result "0-1"]
[Round "10"]
[TimeControl "180+2"]
[Date "2023.01.17"]
[WhiteClock "0:00:10"]
[BlackClock "0:00:11"]

1. e4 c5 2. Nc3 Nc6 3. f4 g6 4. Nf3 Bg7 5. Bc4 e6 6. f5 gxf5 7. d3 Nge7 8. O-O Na5 9. Bg5 Nxc4 10. dxc4 h6 11. Bh4 Bxc3 12. bxc3 Qb6 13. Bxe7 Kxe7 14. exf5 d6 15. Qe1 Bd7 16. Qh4+ Ke8 17. Qf6 Rf8 18. Rae1 Qd8 19. Qxh6 Qe7 20. f6 Qd8 21. Ng5 Bc6 22. Nxe6 fxe6 23. Rxe6+ Kd7 24. Qh3 Kc7 25. Re7+ Kb6 26. Rb1+ Ka6 27. Qe6 Rg8 28. g3 Qc8 29. Qxd6 Qh3 30. Re2 Rad8 31. Qf4 Rde8 32. Rbe1 Rg4 33. Qf2 Reg8 34. f7 Rxg3+ 35. hxg3 Rxg3+ 36. Qxg3 Qxg3+ 37. Kf1 Qh3+ 38. Kg1 Qh1+ 39. Kf2 Qf3+ 40. Kg1 Qh1+ 41. Kf2 Qf3+ 42. Kg1 Qxf7 43. Rf2 Qg8+ 44. Kf1 Qxc4+ 45. Kg1 Qg4+ 46. Kf1 Bb5+ 0-1


[Site "https://www.chess.com"]

[Event "Titled Tuesday Blitz January 17 Late 2023"]
[White "Malka, Samuel"]
[Black "Alfaro, William"]
[WhiteFideId "20643675"]
[BlackFideId "6100457"]
[WhiteElo "2165"]
[BlackElo "2134"]
[Result "1-0"]
[Round "10"]
[TimeControl "180+2"]
[Date "2023.01.17"]
[WhiteClock "0:00:04"]
[BlackClock "0:00:02"]

1. d4 Nf6 2. c4 g6 3. Nc3 Bg7 4. e4 d6 5. Nf3 O-O 6. Be2 e5 7. O-O Nc6 8. d5 Ne7 9. Ne1 Nd7 10. Nd3 f5 11. f3 f4 12. a4 a5 13. Kh1 g5 14. Bd2 Ng6 15. b4 axb4 16. Nb5 Rf7 17. Bxb4 Bf8 18. Qc2 b6 19. Be1 Nf6 20. Nb4 Bd7 21. Nc6 Qe8 22. Nb4 Bc8 23. Nc6 Bb7 24. c5 dxc5 25. a5 Kg7 26. Bc4 g4 27. a6 Bxc6 28. dxc6 Re7 29. Nc3 Qxc6 30. Nd5 Rd7 31. Qb3 gxf3 32. gxf3 Ra7 33. Bb5 Qe6 34. Bxd7 Qxd7 35. Nxf6 Kxf6 36. Rg1 Qd4 37. Ra2 c4 38. Qb5 Bc5 39. Bf2 Qd3 40. Qc6+ Kg7 41. Bxc5 Qxf3+ 42. Rag2 bxc5 43. Qxc5 Rxa6 44. Qxe5+ Kh6 45. Qf5 Ra2 46. Qg5+ Kg7 47. Qe7+ Kh6 48. Qg5+ Kg7 49. e5 Kf7 50. Qf6+ Ke8 51. e6 Ne7 52. Qh8+ Ng8 53. Qxg8+ Ke7 54. Qf7+ Kd6 55. Qd7+ Kc5 56. Qxc7+ Kd4 57. Qd6+ Kc3 58. Qe5+ Kb4 59. Qd6+ Kc3 60. Qe5+ Kb3 61. Qg5 Qe4 62. e7 f3 63. Rxa2 f2+ 64. Qg2 fxg1=Q+ 65. Kxg1 Qe1+ 66. Qf1 Qe3+ 67. Rf2 Qg5+ 68. Rg2 Qc5+ 69. Qf2 Qxe7 70. Rg3+ c3 71. Kg2 Qe4+ 72. Qf3 Qc2+ 73. Qf2 Qe4+ 74. Kg1 Qb1+ 75. Qf1 Qe4 76. Qb5+ Kc2 77. Rg2+ Kd1 78. Qf1+ 1-0


[Site "https://www.chess.com"]

[Event "Titled Tuesday Blitz January 17 Late 2023"]
[White "Kozin, Yuri"]
[Black "MitzyCaballero"]
[WhiteFideId "4129920"]
[WhiteElo "2251"]
[BlackElo "2313"]
[Result "1-0"]
[Round "10"]
[TimeControl "180+2"]
[Date "2023.01.17"]
[WhiteClock "0:00:03"]
[BlackClock "0:00:03"]

1. e4 e6 2. d4 d5 3. Nd2 c5 4. Ngf3 Nf6 5. exd5 exd5 6. Bb5+ Bd7 7. Bxd7+ Nbxd7 8. O-O Be7 9. dxc5 O-O 10. Nb3 Nxc5 11. Nbd4 Nce4 12. Nf5 Bc5 13. Be3 Qd7 14. Bxc5 Nxc5 15. Ne3 Rad8 16. Qd4 b6 17. Rad1 Rfe8 18. Qh4 Re4 19. Qg3 Rb4 20. b3 Nce4 21. Qh4 a5 22. Rd4 Qc7 23. Rfd1 Nc3 24. R1d2 Nxa2 25. Nf5 Rxd4 26. N3xd4 Ne4 27. Qg4 g6 28. Rd3 Kf8 29. Ne3 Nb4 30. Rd1 Re8 31. Qh4 f5 32. c4 dxc4 33. bxc4 Nc3 34. Rc1 Ne4 35. h3 Kg8 36. Nb5 Qe5 37. Nd5 Nd3 38. Rd1 Nexf2 39. Rf1 Kg7 40. Nbc7 Ne4 41. Rd1 1-0


[Site "https://www.chess.com"]

[Event "Titled Tuesday Blitz January 17 Late 2023"]
[White "Womacka, Mathias"]
[Black "Ferriz Barrios, Andres"]
[WhiteFideId "4611390"]
[BlackFideId "5104467"]
[WhiteElo "2396"]
[BlackElo "2102"]
[Result "1-0"]
[Round "10"]
[TimeControl "180+2"]
[Date "2023.01.17"]
[WhiteClock "0:00:04"]
[BlackClock "0:00:41"]

1. e4 e6 2. d4 d5 3. Nd2 dxe4 4. Nxe4 Nd7 5. Nf3 Ngf6 6. Bd3 b6 7. Nxf6+ Nxf6 8. Ne5 Bb7 9. Bb5+ c6 10. Nxc6 Qd5 11. c4 Qxg2 12. Ne5+ Kd8 13. Rf1 Qe4+ 14. Be3 Bb4+ 15. Ke2 Ke7 16. f3 Qh4 17. Qb3 Bd6 18. Nc6+ Bxc6 19. Bxc6 Rac8 20. Qa4 a5 21. c5 bxc5 22. dxc5 Qxh2+ 23. Rf2 Qe5 24. cxd6+ Qxd6 25. Bb5 Rhd8 26. Rd1 Qe5 27. Qa3+ Rd6 28. Rxd6 Qxd6 29. Qxd6+ Kxd6 30. Kd3 Nd5 31. Bd2 Rb8 32. a4 Nc7 33. Bxa5 Nxb5 34. axb5 Rxb5 35. Bc3 g6 36. b4 h5 37. Ra2 Rd5+ 38. Kc4 Rf5 39. b5 Kc7 40. Ba5+ Kb7 41. Ra3 h4 42. Bb4 h3 43. Bc5 h2 44. Ra1 Rf4+ 45. Kd3 Rxf3+ 46. Ke4 Rb3 47. b6 Rb5 48. Be3 Rb4+ 49. Kf3 Rh4 50. Rh1 f5 51. Kg3 Re4 52. Bf2 g5 53. Rxh2 Rg4+ 54. Kf3 Rf4+ 55. Ke3 Re4+ 56. Kd3 g4 57. Rh7+ Kb8 58. Bd4 e5 59. Bc5 Re1 60. Bd6+ 1-0


[Site "https://www.chess.com"]

[Event "Titled Tuesday Blitz January 17 Late 2023"]
[White "Chlpik, Martin"]
[Black "Gavilan Diaz, Mario"]
[WhiteFideId "14923351"]
[BlackFideId "2260905"]
[WhiteElo "2287"]
[BlackElo "2271"]
[Result "1-0"]
[Round "10"]
[TimeControl "180+2"]
[Date "2023.01.17"]
[WhiteClock "0:00:10"]
[BlackClock "0:00:15"]

1. d4 Nf6 2. Nc3 e6 3. Bf4 c5 4. e3 a6 5. d5 Qb6 6. Qd2 exd5 7. O-O-O Nc6 8. Nxd5 Nxd5 9. Qxd5 Be7 10. Bc4 O-O 11. Nf3 d6 12. Qh5 Bf6 13. c3 g6 14. Qh6 Bg7 15. Qh4 Ne5 16. Bd5 Bf5 17. Bh6 Bxh6 18. Qxh6 Nxf3 19. gxf3 Be6 20. Rhg1 Rfe8 21. f4 Bxd5 22. Rxd5 Qc6 23. Rh5 Qf3 24. Qxh7+ Kf8 25. Rxg6 fxg6 26. Qxg6 Qxh5 27. Qxh5 Ke7 28. Qh7+ Kd8 29. Qxb7 Rc8 30. f5 Rc7 31. Qxa6 Kd7 32. Qb5+ Kd8 33. Qb6 Kd7 34. a4 Rh8 35. Qb5+ Ke7 36. a5 Rxh2 37. a6 Rh8 38. Qb6 Rhc8 39. f6+ Ke6 40. a7 Rc6 41. Qxc6 Rxc6 42. a8=Q Rc7 43. Qh8 Rf7 44. f4 Rxf6 45. Qxf6+ Kxf6 46. e4 Ke6 47. Kd2 d5 48. exd5+ Kxd5 49. Kd3 c4+ 50. Ke3 Kc5 51. Ke4 Kb5 52. Kd4 Ka4 53. Kxc4 Ka5 54. b4+ Kb6 55. f5 Kc7 56. f6 Kd7 57. b5 Ke6 58. b6 Kxf6 59. b7 Ke7 60. b8=Q Ke6 61. Qb5 Kd6 62. Qd5+ Ke7 63. Qc6 Kf7 64. Qd6 1-0


[Site "https://www.chess.com"]

[Event "Titled Tuesday Blitz January 17 Late 2023"]
[White "Kaplan, Avi Harrison"]
[Black "Wang, Alexander J"]
[WhiteFideId "30934559"]
[BlackFideId "30955270"]
[WhiteElo "2146"]
[BlackElo "1815"]
[Result "1/2-1/2"]
[Round "10"]
[TimeControl "180+2"]
[Date "2023.01.17"]
[WhiteClock "0:00:11"]
[BlackClock "0:00:19"]

1. e4 c5 2. Nf3 d6 3. d4 cxd4 4. Nxd4 Nf6 5. Nc3 g6 6. Be2 Bg7 7. Be3 O-O 8. Qd2 Ng4 9. Bxg4 Bxg4 10. f3 Bd7 11. Bh6 Nc6 12. Bxg7 Kxg7 13. O-O-O Rc8 14. h4 Qb6 15. Nb3 Ne5 16. h5 Nc4 17. Qd5 Be6 18. Qd4+ Qxd4 19. Nxd4 Bd7 20. hxg6 fxg6 21. Nd5 Rf7 22. b3 Ne5 23. Kb2 Nc6 24. Ne2 Rcf8 25. a3 Be6 26. c4 Bxd5 27. exd5 Ne5 28. Nd4 Rc8 29. Ne6+ Kg8 30. Ng5 Rg7 31. Kc3 b5 32. f4 Ng4 33. Rde1 h5 34. Re2 bxc4 35. bxc4 Nf6 36. Kd4 Nd7 37. Rhe1 Nb6 38. Rxe7 Rxc4+ 39. Kd3 Rxe7 40. Rxe7 Rxf4 41. Rxa7 Nxd5 42. Ra8+ Rf8 43. Ra6 Nf4+ 44. Ke4 Nxg2 45. Rxd6 Rf4+ 46. Ke5 Rf5+ 47. Ke4 Rxg5 48. Kf3 Nh4+ 49. Kf4 Rg4+ 50. Ke5 Kg7 51. a4 Rxa4 52. Rd7+ Kh6 53. Rd1 Nf5 54. Kf6 Ra6+ 55. Ke5 Rc6 56. Kf4 h4 57. Rd8 Re6 58. Kg4 Re4+ 59. Kh3 Ra4 60. Rh8+ Kg5 61. Rb8 Ra3+ 62. Kh2 Kg4 63. Rb4+ Kg5 64. Rb5 Kh5 65. Kg2 Rg3+ 66. Kh2 Rd3 67. Kg2 Kg4 68. Rb4+ Rd4 69. Rb3 g5 70. Kh1 Rd2 71. Kg1 Ng3 72. Rb4+ Kh3 73. Rxh4+ Kxh4 1/2-1/2


[Site "https://www.chess.com"]

[Event "Titled Tuesday Blitz January 17 Late 2023"]
[White "Novikov, Evgenij"]
[Black "Torres Dominguez, David"]
[WhiteFideId "4125380"]
[BlackFideId "2220857"]
[WhiteElo "2276"]
[BlackElo "1994"]
[Result "0-1"]
[Round "10"]
[TimeControl "180+2"]
[Date "2023.01.17"]
[WhiteClock "0:00:01"]
[BlackClock "0:00:05"]

1. e4 Nc6 2. Nf3 e5 3. Bb5 Nge7 4. c3 g6 5. d4 Bg7 6. d5 a6 7. Be2 Na7 8. d6 cxd6 9. Qxd6 Nb5 10. Qd3 d5 11. Nbd2 O-O 12. O-O d4 13. cxd4 Nxd4 14. Nxd4 exd4 15. Nf3 Nc6 16. Bf4 h6 17. Rfd1 Be6 18. a3 Qb6 19. b4 Rfd8 20. Rac1 Rac8 21. h3 Na7 22. Rxc8 Rxc8 23. Nxd4 Rd8 24. Be3 Nb5 25. Nxe6 Rxd3 26. Bxb6 Rxd1+ 27. Bxd1 fxe6 28. a4 Nc3 29. Bb3 Kf7 30. f3 Ne2+ 31. Kf2 Bd4+ 32. Bxd4 Nxd4 33. Bc4 Kf6 34. f4 e5 35. g3 Nc2 36. b5 axb5 37. Bxb5 Nd4 38. Ke3 g5 39. Bc4 gxf4+ 40. gxf4 Nc2+ 41. Kd2 Na3 42. Bb3 exf4 43. Ke2 Ke5 44. Kf3 Nb1 45. Bd5 Nd2+ 46. Ke2 b6 47. Kd3 Nf1 0-1


[Site "https://www.chess.com"]

[Event "Titled Tuesday Blitz January 17 Late 2023"]
[White "AidenRchess"]
[Black "Desideri, Ricardo Maruchi"]
[BlackFideId "2110440"]
[WhiteElo "2443"]
[BlackElo "1959"]
[Result "1-0"]
[Round "10"]
[TimeControl "180+2"]
[Date "2023.01.17"]
[WhiteClock "0:02:19"]
[BlackClock "0:00:29"]

1. e4 c5 2. Nf3 d6 3. Bb5+ Nd7 4. Ba4 a6 5. c4 e6 6. O-O Nf6 7. d4 cxd4 8. Nxd4 Qc7 9. Qe2 Be7 10. Nc3 O-O 11. Bb3 b6 12. Be3 Bb7 13. f3 Rac8 14. Rac1 Qb8 15. g4 Rfe8 16. g5 Nh5 17. f4 g6 18. f5 exf5 19. Nxf5 gxf5 20. Qxh5 Rf8 21. exf5 Kh8 22. f6 Bd8 23. Bc2 Nxf6 24. Rxf6 1-0


[Site "https://www.chess.com"]

[Event "Titled Tuesday Blitz January 17 Late 2023"]
[White "Forgacs, Attila Jr."]
[Black "Gasparyan, David"]
[WhiteFideId "773654"]
[BlackFideId "13311980"]
[WhiteElo "2264"]
[BlackElo "2142"]
[Result "1-0"]
[Round "10"]
[TimeControl "180+2"]
[Date "2023.01.17"]
[WhiteClock "0:01:53"]
[BlackClock "0:02:17"]

1. e4 a5 2. d4 a4 3. Bc4 e6 4. f4 d5 5. exd5 exd5 6. Bd3 Nf6 7. Nf3 Be7 8. O-O c6 9. c3 Nbd7 10. f5 b5 11. Bf4 Qb6 12. Kh1 Bb7 13. Nbd2 O-O-O 14. b3 a3 15. c4 b4 16. cxd5 Nxd5 17. Nc4 Qa7 18. Bg3 h5 19. Rc1 h4 20. Bd6 Bf6 21. Nce5 Ne3 22. Nxc6 Bxc6 23. Rxc6+ Kb7 24. Rc7+ Kb6 25. Qc1 Rc8 26. Qc6+ Ka5 27. Qb5# 1-0


[Site "https://www.chess.com"]

[Event "Titled Tuesday Blitz January 17 Late 2023"]
[White "Vifleemskaia, Svetlana"]
[Black "Bouget, Alexandre"]
[WhiteFideId "4129490"]
[BlackFideId "681318"]
[WhiteElo "1971"]
[BlackElo "2267"]
[Result "0-1"]
[Round "10"]
[TimeControl "180+2"]
[Date "2023.01.17"]
[WhiteClock "0:00:04"]
[BlackClock "0:00:35"]

1. d4 d5 2. c4 e6 3. Nc3 c5 4. cxd5 cxd4 5. Qxd4 Nc6 6. Qa4 exd5 7. e3 Nf6 8. Nf3 Bd6 9. Bd3 O-O 10. h3 Qe7 11. O-O Ne5 12. Nxe5 Qxe5 13. f4 Qh5 14. Be2 Qh4 15. Bd2 Qg3 16. Rf3 Qg6 17. Qd4 Bf5 18. Nxd5 Nxd5 19. Qxd5 Be4 20. Qb3 Bxf3 21. Bxf3 Rad8 22. e4 Qg3 23. e5 Bc5+ 24. Be3 Rd4 25. Bxd4 Bxd4+ 26. Kh1 Qxf4 27. Qc4 b5 28. Qxb5 Bxe5 29. Kg1 Qh2+ 30. Kf1 Rb8 0-1


[Site "https://www.chess.com"]